 Dungeon Crawl Stone Soup version 0.24-a0-640-ge7cd8ce796 (webtiles) character file.

Game seed: 6677454893969244970, levelgen mode: deterministic

136 DasRunzen the Skirmisher (level 4, -9/41 HPs)
             Began as a Minotaur Fighter on Sept 24, 2019.
             Killed from afar by Sigmund (11 damage)
             ... with a puff of flame
             ... on level 2 of the Dungeon.
             The game lasted 00:02:17 (1435 turns).

DasRunzen the Skirmisher (Minotaur Fighter)         Turns: 1435, Time: 00:02:18

Health: -9/41      AC:  7    Str: 21    XL:     4   Next: 98%
Magic:  3/3        EV: 11    Int:  5    God:
Gold:   122        SH: 11    Dex: 10    Spells: 3/3 levels left

rFire    . . .     SeeInvis .   a - +0 war axe
rCold    . . .     Gourm    .   c - +2 shield
rNeg     . . .     Faith    .   b - +0 scale mail
rPois    .         Spirit   .   (helmet restricted)
rElec    .         Reflect  .   (no cloak)
rCorr    .         Harm     .   (no gloves)
MR       .....                  (no boots)
Stlth    ..........             (no amulet)
HPRegen  0.13/turn              g - +4 ring of evasion
MPRegen  0.08/turn              (no ring)

@: no status effects
A: retaliatory headbutt, horns 2
a: no special abilities


You were on level 2 of the Dungeon.
You were hungry.

You visited 1 branch of the dungeon, and saw 2 of its levels.

You collected 122 gold pieces.

Inventory:

Hand Weapons
 a - a +0 war axe (weapon)
Armour
 b - a +0 scale mail (worn)
 c - a +2 shield (worn)
Jewellery
 g - a +4 ring of evasion (left hand)
Scrolls
 h - a scroll of enchant weapon {unknown}
 i - a scroll of identify {unknown}
 j - a scroll of remove curse
 l - a scroll of fog {unknown}
Potions
 d - a potion of might
 e - a potion of curing {unknown}
 k - a potion of brilliance {unknown}
Comestibles
 f - 4 rations


   Skills:
 + Level 4.6 Fighting
 + Level 3.7 Axes
 + Level 4.6 Armour
 + Level 4.6 Shields


You had 3 spell levels left.
You didn't know any spells.
Your spell library was empty.

Dungeon Overview and Level Annotations

Branches:
Dungeon (2/15)

Altars:

Annotations:
D:2 Sigmund


Innate Abilities, Weirdness & Mutations

You reflexively headbutt those who attack you in melee.
You have a pair of horns on your head.


Message History

Something tries to affect you, but you resist.
You feel sick. Something hits you but does no damage.
You miss something. Your headbutt misses something. Something hits you.
* * * LOW HITPOINT WARNING * * *
You hear some strange, mumbled words.
Something tries to affect you, but you resist.
You feel sick.
You feel less confused. Something hits you.
* * * LOW HITPOINT WARNING * * *
You feel sick.
Something tries to affect you, but you resist.
You feel sick.
You are no longer poisoned.
A magic dart appears from out of thin air!
The magic dart hits you.
* * * LOW HITPOINT WARNING * * *
A puff of flame appears from out of thin air!
The puff of flame hits you!
You die...

# #.# #.# #.#
#.# # #.# #.#
#.# #.#
######.# #.#
#.# ##.##
#...##.# #.#
#.# ###...#
..#....# #.#
#.# #...#.#
#...#### #.#
#.# #.#...#
##.##
#.#####.#
#.##### #.#
#.......# #.#
#>#
#####@#######
#.## #.#
#.....# #..#
#.# #.###.#
##)# #.# #.#
#.# #.# ##.#
#.# #.# #.#
...# #.# #.#
#.# #### #.#
#.# #.#
#####>###.#
#.#
#.........#
#.#


There were no monsters in sight!

Vanquished Creatures
  Jessica (D:2)
  6 adders (D:2)
  An ooze (D:1)
  3 worms (D:2)
  2 dart slugs (D:1)
  A leopard gecko (D:2)
  4 bats
  A giant cockroach (D:1)
  6 goblins
  6 hobgoblins
  A ball python (D:1)
  2 frilled lizards
  2 kobolds
  7 rats
43 creatures vanquished.

Notes
Turn   | Place    | Note
-------+----------+-------------------------------------------
     0 | D:1      | DasRunzen the Minotaur Fighter began the quest for the Orb.
     0 | D:1      | Reached XP level 1. HP: 19/19 MP: 0/0
   270 | D:1      | Reached XP level 2. HP: 27/27 MP: 1/1
   481 | D:1      | You fall into a shaft and drop 1 floor!
   494 | D:2      | Reached XP level 3. HP: 26/33 MP: 2/2
  1005 | D:2      | Reached XP level 4. HP: 40/40 MP: 3/3
  1165 | D:2      | Noticed Jessica
  1170 | D:2      | Killed Jessica
  1394 | D:2      | Noticed Sigmund
  1428 | D:2      | HP: 1/41 [something/magic dart (3)]
  1435 | D:2      | Killed from afar by Sigmund

Levels and vault maps discovered:
D:1:      nicolae_arrival_washed_ashore, layout_loops_corners, minmay_bisected
D:2:      layout_loops_ring, marbit_many_paths, uniq_sigmund, uniq_jessica

Skill      XL: |  1  2 |
---------------+-------+-----
Fighting       | 4 |  4.6
Armour         | 4 |  4.6
Shields        | 4 |  4.6
Axes           | 3 |  3.7

Action                   |  1- 3 |  4- 6 || total
-------------------------+-------+-------++-------
Melee: War axe           |    68 |    35 ||   103
       Headbutt          |    13 |     5 ||    18
  Use: Scroll            |     5 |       ||     5
  Eat: Chunk             |       |     1 ||     1
Armor: Scale mail        |    28 |    17 ||    45
Dodge: Dodged            |    14 |    14 ||    28
Block: Shield            |    36 |    24 ||    60

Table legend:
 A = Non-vault XP
 B = Vault XP
 C = Vault XP percentage of total XP
 D = Non-vault monster count
 E = Vault monster count
 F = Vault count percentage of total count
                 A         B        C        D         E       F
            +---------+---------+-------+---------+---------+-------
      Total |     141 |      54 |  27.7 |      39 |       4 |   9.3
            +---------+---------+-------+---------+---------+-------
        D:1 |      36 |       3 |   7.7 |      18 |       2 |  10.0
        D:2 |     105 |      51 |  32.7 |      21 |       2 |   8.7
            +---------+---------+-------+---------+---------+-------
